Map: Sludge City

Players

tekron

  • Race: Zerg Zerg
  • League: Bronze
  • Spawn Location: 5:00

Dudley

  • Race: Zerg Zerg
  • League: Gold
  • Spawn Location: 5:00

Manta - Winner!

  • Race: Zerg Zerg
  • League: Silver
  • Spawn Location: 9:00

KiiiA - Winner!

  • Race: Zerg Zerg
  • League: Platinum
  • Spawn Location: 11:00

VOD

Have the link to the VOD?

Description

Time

  • Played on: Feb. 20, 2016, 12:52 a.m.
  • Length: 14:33
Show
View Real Time Build Order
Export as new Build Order

tekron Zerg 

Build Orders: Pool First 

Get SALT Encoding   

  12  0:01  Drone  
  13  0:13  Overlord  
  13  0:19  Drone  
  14  0:29  Extractor  
  14  0:31  Drone  
  14  0:32  Drone  
  15  0:41  Drone  
  16  0:50  Spawning Pool  
  16  0:53  Drone  
  16  0:59  Drone  
  17  1:09  Overlord  
  17  1:38  Hatchery  
  17  1:39  Drone  
  17  1:41  Zergling x2  
  17  1:43  Metabolic Boost  
  18  1:55  Spine Crawler  
  18  1:56  Drone  
  18  1:59  Zergling x2  
  19  2:10  Queen  
  21  2:20  Zergling x4  
  23  2:25  Zergling x2  
  19  3:11  Zergling x6  
  20  3:26  Drone, Spine Crawler  
  12  3:49  Queen  
  12  3:51  Drone x2  
  16  3:58  Zergling x2  
  16  4:14  Zergling x2, Roach Warren  
  7  4:30  Drone x2  
  9  4:42  Drone x4  
  13  4:57  Hatchery  
  12  5:08  Drone x2  
  12  5:09  Drone x3  
  17  5:16  Lair  
  17  5:33  Spore Crawler  
  16  5:38  Spine Crawler  
  15  5:58  Roach x2  
  15  5:59  Roach x3  
  25  6:08  Queen  
  25  6:09  Drone  
  28  6:21  Drone  
  29  6:29  Drone  
  29  6:30  Drone  
  31  6:37  Drone  
  32  6:43  Drone  
  36  7:01  Roach x2  
  36  7:13  Overlord x2  
  36  7:45  Roach  
  36  7:46  Roach x5  
  46  8:11  Roach  
  46  8:12  Roach x2  
  52  8:15  Overlord  
  52  8:25  Overlord  
  52  8:28  Extractor  
  52  8:29  Drone  
  52  8:30  Extractor  
  31  9:00  Roach x4  
  31  9:01  Zergling x2, Roach x2  
  31  9:02  Zergling x2  
  41  9:12  Drone  
  42  9:33  Roach  
  44  9:45  Hatchery  
  43  9:53  Roach x3  
  49  10:14  Roach x3  
  55  10:15  Roach  
  55  10:18  Roach  
  51  10:40  Drone x3  
  40  10:44  Spore Crawler  
  40  10:45  Spore Crawler  
  32  10:58  Drone  
  32  11:01  Drone x3  
  36  11:04  Spore Crawler  
  36  11:05  Extractor  
  36  11:08  Glial Reconstitution  
  34  11:13  Drone  
  35  11:21  Spore Crawler  
  35  11:24  Drone x2  
  36  11:28  Drone  
  36  11:30  Drone  
  38  11:34  Drone  
  39  11:46  Drone x3  
  42  11:58  Drone x2, Spine Crawler  
  42  11:59  Spine Crawler  
  42  12:03  Drone  
  42  12:04  Drone  
  44  12:12  Drone  
  44  12:13  Drone  
  44  12:14  Drone  
  47  12:16  Drone  
  47  12:17  Drone x2  
  50  12:24  Roach x2  
  44  12:49  Drone x5  
  49  12:57  Drone  
  49  12:58  Drone x5  
  55  13:03  Spine Crawler  
  55  13:05  Spine Crawler  
  53  13:09  Spore Crawler  
  53  13:12  Spore Crawler  
  51  13:13  Drone x3  
  51  13:17  Hydralisk Den  
  53  13:22  Roach  
  53  13:23  Roach x5  
  53  13:24  Roach x2  
  53  13:25  Roach x2  
  74  13:27  Drone  
  74  13:35  Spine Crawler  
  73  13:55  Hydralisk  
  71  13:57  Overlord x2  
  71  13:58  Overlord x2  
  69  14:06  Hydralisk x2  
  69  14:08  Overlord  
  65  14:13  Overlord  
Show
View Real Time Build Order
Export as new Build Order

Dudley Zerg 

Build Orders: Pool First, Lurkers 

Get SALT Encoding   

  12  0:03  Drone  
  13  0:13  Overlord  
  14  0:21  Drone  
  14  0:33  Drone x2  
  16  0:53  Drone x2  
  18  1:03  Spawning Pool  
  17  1:12  Hatchery  
  16  1:24  Drone x2  
  16  1:25  Drone  
  19  1:27  Extractor  
  18  1:41  Drone  
  19  1:51  Queen  
  21  1:55  Drone  
  21  1:56  Roach Warren  
  21  1:59  Drone  
  22  2:10  Drone, Spine Crawler  
  22  2:19  Spine Crawler  
  21  2:31  Queen  
  23  2:41  Drone x2  
  23  2:42  Drone x3  
  28  3:04  Overlord x4  
  28  3:08  Spine Crawler  
  27  3:28  Roach x2  
  27  3:29  Roach x2  
  35  3:38  Roach  
  35  3:39  Roach  
  39  3:53  Roach x3  
  45  4:10  Roach x5  
  55  4:58  Drone x5  
  60  5:07  Overlord x3  
  60  5:13  Overlord  
  60  5:21  Lair  
  60  5:33  Drone x6  
  66  5:37  Extractor  
  65  5:57  Extractor  
  65  6:00  Extractor  
  63  6:05  Roach x5  
  63  6:06  Roach  
  75  6:26  Roach x3  
  75  6:27  Hydralisk Den, Overlord x2  
  75  6:28  Overlord  
  75  6:30  Hatchery  
  79  6:33  Drone  
  79  6:35  Drone  
  79  6:36  Drone x2  
  83  7:02  Hydralisk x4  
  91  7:10  Drone x6  
  91  7:11  Drone  
  91  7:12  Evolution Chamber  
  97  7:21  Spore Crawler  
  96  7:27  Hydralisk x3  
  102  7:30  Hatchery  
  101  7:46  Drone x6  
  107  7:52  Queen  
  109  8:04  Hydralisk x5  
  109  8:05  Hydralisk  
  121  8:08  Overlord x4  
  121  8:16  Zerg Missile Weapons Level 1  
  121  8:23  Lurker Den  
  121  8:25  Hydralisk  
  123  8:29  Drone x3  
  123  8:30  Drone x4  
  130  8:57  Hydralisk  
  130  8:58  Hydralisk x6  
  130  9:00  Hydralisk  
  142  9:18  Hydralisk  
  142  9:19  Hydralisk x2, Roach  
  142  9:20  Roach  
  142  9:21  Roach  
  148  9:32  Hydralisk  
  148  9:33  Hydralisk, Roach  
  154  9:40  Extractor  
  154  9:42  Extractor  
  152  9:52  Hydralisk  
  152  9:53  Hydralisk, Roach x2  
  152  9:55  Overlord x2  
  152  9:56  Overlord x3  
  152  9:59  Extractor  
  159  10:00  Extractor  
  158  10:11  Overseer  
  158  10:12  Overseer x3  
  158  10:20  Lurker  
  149  11:03  Lurker  
  150  11:04  Lurker  
  150  11:05  Lurker x2  
  150  11:06  Lurker  
  150  11:07  Hydralisk x3, Lurker  
  161  11:12  Drone x6  
  161  11:13  Drone x6  
  161  11:14  Drone x2  
  175  11:23  Queen  
  177  11:28  Zerg Missile Weapons Level 2  
  177  11:31  Muscular Augments  
  177  11:59  Hydralisk x3  
  177  12:00  Hydralisk x8  
  197  12:19  Hydralisk  
  197  12:20  Hydralisk x4  
  192  12:34  Hydralisk x2  
  192  12:35  Hydralisk x4  
  167  12:48  Hydralisk x2  
  167  12:49  Roach  
  136  13:12  Hydralisk x6  
  90  13:29  Overseer  
  90  13:30  Hydralisk x6  
Show
View Real Time Build Order
Export as new Build Order

Manta Zerg - Winner!

Build Orders: Pool First, Zergling Baneling 

Get SALT Encoding   

  12  0:01  Drone  
  13  0:13  Extractor  
  12  0:25  Spawning Pool  
  11  0:40  Drone x2  
  13  0:47  Overlord  
  13  0:54  Drone  
  14  1:12  Zergling x2  
  14  1:15  Zergling x2  
  16  1:20  Queen  
  16  1:25  Zergling x2  
  19  1:34  Metabolic Boost  
  19  1:46  Baneling Nest  
  18  1:48  Zergling x2  
  19  2:06  Zergling x4  
  21  2:16  Drone  
  22  2:23  Overlord  
  22  2:37  Baneling  
  22  2:39  Baneling  
  22  2:50  Baneling  
  22  2:51  Zergling x8  
  21  3:20  Baneling x2  
  21  3:21  Baneling  
  21  3:22  Zergling x2  
  21  3:23  Zergling x4  
  22  3:51  Baneling  
  22  3:52  Baneling  
  16  4:32  Hatchery  
  16  4:35  Extractor  
  16  4:37  Lair  
  14  4:39  Hatchery  
  13  5:16  Drone  
  13  5:17  Drone x6  
  13  5:18  Drone  
  13  5:21  Zergling x2  
  22  5:41  Drone x3  
  22  5:42  Drone  
  26  5:48  Drone x2  
  28  5:53  Spire  
  27  6:01  Drone x3  
  30  6:04  Drone  
  31  6:13  Queen  
  33  6:21  Overseer  
  33  6:26  Drone x2  
  33  6:27  Drone x2  
  37  6:37  Drone x4  
  41  6:56  Overlord x3  
  41  6:59  Drone  
  42  7:14  Queen  
  45  7:22  Drone  
  45  7:23  Drone x3  
  45  7:25  Mutalisk, Extractor  
  45  7:26  Mutalisk x4  
  45  7:27  Extractor  
  56  7:34  Drone  
  57  7:58  Extractor x2  
  56  8:03  Drone x4  
  56  8:04  Drone x5  
  64  8:08  Drone  
  64  8:09  Drone  
  64  8:10  Overlord  
  66  8:22  Hatchery  
  65  8:28  Queen  
  67  8:44  Zerg Flyer Armor Level 1  
  67  8:46  Mutalisk  
  67  8:47  Hatchery, Mutalisk x3  
  74  8:48  Overlord  
  74  8:49  Overlord x2  
  74  9:04  Hatchery  
  74  9:06  Mutalisk x2  
  77  9:10  Mutalisk  
  77  9:12  Zergling x10  
  77  9:13  Zergling x12  
  77  9:16  Queen  
  92  9:26  Drone x6  
  92  9:28  Overlord  
  98  9:53  Drone x4, Mutalisk  
  98  9:54  Mutalisk x4  
  98  9:56  Overlord  
  98  9:57  Overlord x2  
  112  10:08  Mutalisk  
  112  10:09  Mutalisk x2  
  118  10:16  Overlord  
  118  10:17  Overlord  
  118  10:18  Mutalisk x2  
  119  10:46  Mutalisk  
  119  10:47  Mutalisk x3  
  119  10:48  Zergling x20  
  119  10:49  Zergling x14  
  136  11:08  Mutalisk  
  136  11:09  Mutalisk x2  
  142  11:26  Extractor  
  142  11:28  Drone  
  142  11:34  Mutalisk x3  
  142  11:35  Mutalisk  
  142  11:36  Overlord x3  
  142  11:37  Overlord x4  
  150  11:43  Hatchery  
  130  12:04  Pneumatized Carapace  
  125  12:44  Mutalisk x5  
  127  12:46  Zergling x20  
  127  12:47  Zergling x16  
  152  12:56  Mutalisk  
  152  12:57  Mutalisk  
  131  13:24  Mutalisk  
  131  13:25  Zergling x14  
  140  13:32  Drone  
  140  13:33  Queen  
Show
View Real Time Build Order
Export as new Build Order

KiiiA Zerg - Winner!

Build Orders: Pool First 

Get SALT Encoding   

  12  0:02  Drone  
  13  0:09  Drone  
  14  0:26  Spawning Pool  
  13  0:35  Drone  
  14  0:45  Extractor  
  14  0:46  Drone  
  14  0:48  Overlord  
  14  0:54  Extractor  
  14  0:56  Evolution Chamber  
  14  0:57  Drone  
  13  1:01  Drone  
  16  1:10  Drone  
  17  1:14  Queen  
  19  1:24  Zergling x2  
  20  1:35  Overlord  
  20  1:46  Metabolic Boost  
  20  2:01  Zergling x2  
  20  2:04  Drone  
  20  2:07  Hatchery  
  21  2:12  Baneling Nest  
  21  2:14  Drone  
  21  2:20  Drone  
  22  2:34  Drone x2  
  22  2:35  Drone  
  25  2:46  Overlord  
  25  2:49  Queen  
  27  2:53  Overlord  
  27  3:04  Zergling x2  
  28  3:10  Baneling x2  
  28  3:12  Baneling  
  28  3:25  Zergling x10  
  33  3:43  Drone  
  33  3:44  Drone  
  34  3:49  Drone x3, Extractor  
  34  3:51  Extractor  
  34  3:52  Baneling  
  34  3:54  Baneling  
  35  4:02  Drone x3  
  37  4:03  Drone x4  
  39  4:23  Roach Warren  
  35  4:24  Drone x2  
  36  4:41  Drone x3  
  36  4:42  Drone x2  
  41  5:04  Roach  
  41  5:06  Overlord x2  
  43  5:26  Roach x4  
  43  5:27  Roach x4  
  59  5:37  Lair, Hatchery  
  59  5:39  Hatchery  
  59  5:40  Drone x3  
  60  5:45  Overlord x2  
  60  6:03  Queen  
  63  6:11  Hatchery  
  62  6:21  Extractor  
  61  6:33  Drone x2  
  61  6:37  Queen  
  61  6:38  Queen  
  67  6:58  Drone  
  67  6:59  Drone x7  
  67  7:00  Drone x6  
  67  7:01  Drone  
  81  7:42  Roach  
  81  7:43  Roach x4  
  86  7:45  Overlord x3  
  85  8:03  Drone x7  
  85  8:04  Drone x2  
  85  8:05  Overlord x3  
  92  8:06  Overlord x2  
  92  8:11  Ravager x6  
  92  8:12  Ravager x2  
  98  8:14  Roach x4  
  98  8:15  Roach x3  
  98  8:18  Overseer  
  112  8:55  Roach x8  
  115  8:56  Roach x7  
  77  9:23  Roach  
  77  9:24  Roach x6  
  79  9:43  Roach  
  79  9:44  Roach x4  
  87  10:06  Overlord x3  
  87  10:39  Roach  
  87  10:40  Roach x5  
  87  10:41  Roach x7  
  87  10:42  Roach  
  97  11:10  Zergling x18  
  97  11:11  Overlord x5  
  106  11:12  Overlord  
  106  11:21  Overlord x2  
  106  11:29  Ravager x4  
  106  11:30  Ravager x4  
  106  11:31  Zergling x2  
  106  11:32  Zergling x18  
  124  11:36  Infestation Pit  
  123  11:42  Overseer  
  123  11:43  Overseer x2  
  100  12:27  Infestor  
  100  12:28  Infestor x7  
  111  12:30  Roach  
  111  12:31  Roach x8  
  111  12:32  Roach x5  
  111  12:33  Zergling x2  
  123  12:57  Overseer x2  
  123  12:59  Overseer  
  112  13:17  Roach  
  112  13:18  Roach x4  
Tags
 
Add a new tag
Caveats
  • Supply blocks, unpowered buildings, or Contaminate may cause inaccurate times.
  • Supply counts are checked every 10 seconds.